AoeStats
← Tesina

Arena

509871367Analyzed
4v4 RM · 5d ago on Sep 28, 2026· 73m 42s· 8 players
Game mode
Random Map
Map size
Large (8 player)
Population
200
Speed
Normal
Resources
Standard
Victory
Conquest
Starting age
Dark Age
Ending age
Imperial Age
RankedLock teamsTeams togetherTeam positionsShared explorationLock speedFull tech treeHidden civsTurbo modeCheats
Victory
Defeat
🇪🇸 Spanish · Spain
955
+15
🇨🇳 Inca · China
930
+17
🇻🇳 Franks · Vietnam
903
+18
🇹🇼 Turks · Taiwan
879
+19
🇨🇿 Bohemians · Czechia
1008
-20
🇨🇿 Spanish · Czechia
1008
-20
🇨🇿 Franks · Czechia
884
-15
🇨🇿 Britons · Czechia
861
-14
Xcw
10:08 Feudal Age
13:47 Castle Age
12:18 Double-Bit Axe
21:13 Town Watch
23:02 Scale Mail Armor
25:53 Champi Runner
29:58 Imperial Age
27:36 Fletching
27:47 Padded Archer Armor
28:19 Stone Mining
28:13 Horse Collar
28:49 Fortified Wall
29:13 Ballistics
29:07 Padded Archer Armor
28:49 Elite Skirmisher
29:41 Bodkin Arrow
30:13 Loom
31:03 Wheelbarrow
32:42 Chemistry
31:53 Masonry
32:16 Gold Mining
32:28 Heavy Plow
33:23 Hand Cart
33:09 Town Patrol
34:54 Town Patrol
35:08 Bracer
35:23 Leather Archer Armor
35:38 Pikeman
36:37 Bracer
36:52 Chain Mail Armor
36:47 Forging
37:07 Squires
39:17 Hoardings
38:45 Onager
39:11 Halberdier
41:21 Thumb Ring
41:53 Iron Casting
42:07 Plate Mail Armor
44:34 Squires
43:54 Champi Runner
47:43 Blast Furnace
50:31 Block Printing
50:29 Redemption
53:03 Guilds
56:16 Crop Rotation
55:56 Bow Saw
56:25 Block Printing
56:31 Sanctity
56:48 Theocracy
56:09 Herbal Medicine
55:48 Capped Ram
56:05 Champi Warrior
59:29 Gold Shaft Mining
60:37 Elite Champi Warrior
63:36 Stone Shaft Mining
65:14 Treadmill Crane
65:39 Siege Engineers
66:52 Ring Archer Armor
66:42 Elite Kamayuk
68:30 Caravan
69:11 Siege Ram
72:07 Andean Sling
72:28 Conscription
72:08 Fabric Shields
Master of Ludus
0:27 Loom
11:24 Feudal Age
13:34 Double-Bit Axe
13:31 Horse Collar
18:54 Castle Age
20:16 Wheelbarrow
19:27 Town Watch
19:44 Heavy Plow
19:58 Bow Saw
24:08 Hand Cart
27:48 Gold Mining
27:50 Stone Mining
28:12 Fortified Wall
33:10 Imperial Age
30:18 Elite Skirmisher
30:56 Fletching
33:08 Town Patrol
33:06 Bodkin Arrow
33:11 Padded Archer Armor
33:34 Ballistics
33:25 Masonry
33:58 Bracer
35:01 Chemistry
34:17 Gambesons
35:17 Pikeman
35:57 Squires
35:43 Arson
36:16 Leather Archer Armor
36:12 Forging
36:02 Scale Mail Armor
36:40 Halberdier
37:55 Ring Archer Armor
40:44 Chain Mail Armor
41:05 Iron Casting
41:02 Architecture
41:13 Conscription
42:10 Capped Ram
47:41 Blast Furnace
47:11 Plate Mail Armor
51:19 Siege Ram
54:27 Two-Man Saw
58:19 Inquisition
58:40 Supremacy
58:55 Guilds
59:04 Caravan
65:56 Fervor
66:07 Sanctity
68:55 Hoardings
68:21 Inquisition
71:37 Bombard Tower
71:13 Murder Holes
英京塚大
8:40 Loom
12:42 Feudal Age
14:12 Town Watch
15:01 Double-Bit Axe
14:58 Horse Collar
15:46 Gold Mining
19:33 Castle Age
21:08 Bow Saw
21:32 Heavy Plow
24:44 Imperial Age
23:36 Gold Shaft Mining
47:52 Artillery
53:23 Bloodlines
53:14 Husbandry
53:31 Scale Barding Armor
53:17 Fletching
53:29 Padded Archer Armor
53:40 Forging
66:17 Caravan
68:05 Chain Barding Armor
73:42 Wheelbarrow
nm18
9:03 Loom
11:13 Feudal Age
12:36 Double-Bit Axe
15:26 Castle Age
16:34 Bow Saw
19:47 Stone Mining
22:25 Wheelbarrow
21:36 Town Watch
24:40 Gold Mining
27:37 Hand Cart
27:23 Town Patrol
30:24 Imperial Age
28:40 Fletching
28:52 Padded Archer Armor
29:06 Fortified Wall
29:00 Elite Skirmisher
30:29 Bodkin Arrow
30:50 Leather Archer Armor
30:57 Ballistics
32:11 Chemistry
35:38 Cavalier
36:18 Husbandry
36:39 Conscription
36:21 Chivalry
36:33 Forging
36:29 Scale Barding Armor
37:13 Coinage
36:44 Caravan
38:24 Gold Shaft Mining
38:25 Iron Casting
38:11 Chain Barding Armor
38:29 Hoardings
39:00 Banking
38:39 Paladin
39:36 Cranequins
40:47 Treadmill Crane
41:18 Masonry
41:05 Murder Holes
42:11 Blast Furnace
41:47 Plate Barding Armor
43:28 Architecture
47:16 Onager
51:54 Siege Engineers
61:36 Scale Mail Armor
61:38 Squires
61:24 Arson
61:06 Pikeman
61:10 Ordonnance Companies
61:12 Elite Throwing Axeman
62:37 Chain Mail Armor
63:08 Guard Tower
65:31 Plate Mail Armor
69:43 Herbal Medicine
Tesina
12:41 Feudal Age
13:16 Horse Collar
21:10 Castle Age
19:20 Double-Bit Axe
22:22 Crossbowman
23:05 Gold Mining
24:28 Stone Mining
24:44 Heavy Plow
24:58 Bow Saw
28:12 Gold Shaft Mining
28:24 Fletching
28:35 Padded Archer Armor
32:31 Caravan
33:02 Coinage
35:57 Yeomen
44:18 Imperial Age
42:21 Leather Archer Armor
42:02 Bodkin Arrow
42:18 Elite Skirmisher
46:25 Banking
46:06 Guilds
46:33 Elite Longbowman
53:17 Bracer
57:18 Squires
56:38 Pikeman
59:03 Halberdier
66:59 Ballistics
70:21 Chemistry
69:30 Murder Holes
SoNiCxD
11:30 Feudal Age
12:04 Double-Bit Axe
19:46 Castle Age
19:07 Wheelbarrow
22:51 Gold Mining
22:52 Stone Mining
23:52 Hand Cart
23:45 Husbandry
25:06 Forging
25:02 Scale Barding Armor
29:01 Bow Saw
28:40 Town Watch
31:28 Town Patrol
34:48 Imperial Age
32:48 Chain Barding Armor
33:15 Iron Casting
35:44 Cavalier
36:46 Conscription
38:06 Gold Shaft Mining
38:08 Chivalry
38:56 Paladin
42:35 Plate Barding Armor
43:01 Blast Furnace
62:03 Scale Mail Armor
63:25 Fortified Wall
65:20 Squires
65:12 Pikeman
65:39 Arson
66:06 Halberdier
68:53 Chain Mail Armor
Picbon
2:36 Loom
10:19 Feudal Age
17:44 Castle Age
17:38 Horse Collar
20:41 Double-Bit Axe
21:56 Loom
22:50 Wheelbarrow
23:31 Stone Mining
25:46 Heavy Plow
27:31 Bow Saw
29:07 Town Watch
32:59 Imperial Age
30:47 Gold Mining
31:27 Ballistics
31:20 Masonry
31:00 Arson
32:30 Stone Shaft Mining
33:57 Town Patrol
34:14 Hand Cart
35:18 Chemistry
59:03 Padded Archer Armor
58:54 Fletching
59:04 Murder Holes
59:21 Fortified Wall
59:43 Architecture
59:17 Scale Mail Armor
59:27 Forging
59:39 Light Cavalry
62:53 Bloodlines
69:14 Two-Man Saw
Totty
12:21 Feudal Age
13:28 Double-Bit Axe
13:28 Horse Collar
16:15 Castle Age
18:20 Loom
21:24 Imperial Age
20:53 Chemistry
20:54 Bow Saw
21:56 Heavy Plow
26:36 Padded Archer Armor
33:53 Elite Skirmisher
37:23 Fletching
38:21 Bodkin Arrow
38:48 Ballistics
44:27 Wheelbarrow
45:57 Wheelbarrow
47:30 Hand Cart
53:05 Siege Engineers
56:29 Scale Mail Armor
57:48 Squires
57:46 Pikeman
58:39 Halberdier
60:17 Chain Mail Armor
60:37 Bracer
66:06 Plate Mail Armor
67:07 Two-Man Saw
Connection lost

Rejoining the realm…

Still unreachable

The connection could not be restored.

Session expired

The server has moved on; the page needs a fresh start.